 Dungeon Crawl Stone Soup version 0.27.0-1-g7a089689b8 (webtiles) character file.

Game seed: 15662756072013457672

67 HaiZhung the Magician (level 4, -8/46 HPs)
             Began as a Djinni Hedge Wizard on Aug 16, 2021.
             Killed by divine providence
             ... invoked by an orc priest
              (10 damage)
             ... on level 2 of the Dungeon.
             The game lasted 00:13:04 (2106 turns).

HaiZhung the Magician (Djinni Hedge Wizard)         Turns: 2106, Time: 00:13:05

Health: -8/46      AC: 22    Str:  9    XL:     4   Next: 38%
Gold:   40         EV:  2    Int: 17    God:
                   SH:  0    Dex: 12

rFire    . . .     SeeInvis .   a - +1 dagger
rCold    . . .     Faith    .   (no shield)
rNeg     + + +     Spirit   .   (armour currently unavailable)
rPois    ∞         Reflect  .   (helmet currently unavailable)
rElec    .         Harm     .   (cloak currently unavailable)
rCorr    .         Rampage  .   (gloves currently unavailable)
Will     .....     NoTele   +   (boots unavailable)
Stlth    ++........             (no amulet)
HPRegen  0.15/turn              (no ring)
MPRegen  0.00/turn              (no ring)

@: tree-form
A: stationary, stasis, torment immunity, boosted hp, sickness immunity, (fire
resistance 2), (cold vulnerability 1), float, innate caster, hp casting, extra
vitality 1
a: no special abilities


You were on level 2 of the Dungeon.
You were a tree.
You visited 1 branch of the dungeon, and saw 2 of its levels.

You collected 40 gold pieces.

Inventory:

Hand Weapons
 a - a +1 dagger (weapon)
Armour
 b - a +0 robe (melded)
 c - a +0 hat
 f - a +0 helmet (melded)
Scrolls
 g - a scroll of enchant weapon
Potions
 d - a potion of attraction
 h - a potion of flight {unknown}
 i - a potion of haste {unknown}
 j - a potion of lignification
 k - a potion of degeneration {unknown}
 l - a potion of heal wounds {unknown}


   Skills:
 - Level 2.1 Dodging
 - Level 1.5 Stealth
 + Level 3.8 Spellcasting


You couldn't memorise any spells.
You knew the following spells:

 Your Spells              Type           Power      Damage    Failure   Level
a - Magic Dart            Conj           64%        1d6       3%          1
b - Blink                 Tloc           N/A        N/A       4%          2
c - Call Imp              Summ           16%        N/A       4%          2
d - Slow                  Hex            16%        N/A       4%          2
e - Conjure Flame         Conj/Fire      16%        6-21      10%         3
f - Mephitic Cloud        Conj/Pois/Air  16%        N/A       10%         3
g - Apportation           Tloc           32%        N/A       3%          1
Your spell library was empty.

Dungeon Overview and Level Annotations

Branches:
Dungeon (2/15)

Altars:


Innate Abilities, Weirdness & Mutations

You are a tree.
Your roots penetrate the ground, keeping you stationary.
You cannot be teleported.
You are immune to unholy pain and torment.
Your maximum health is greatly increased.
Your equipment is partially melded.
You are immune to sickness and miasma.
You are immune to poison.
((Your flesh is very heat resistant. (rF++)))
((You are vulnerable to cold. (rC-)))
You float through the air rather than walking.
You learn spells naturally, not from books.
Your magical power is your life essence.
You have superior vitality. (+4 HP)


Message History

You hit the dart slug.
You kill the dart slug!
Your crimson imp blinks!
The orc priest mumbles some strange prayers to Beogh against your crimson imp.
Your crimson imp is smitten.
Your crimson imp dies!
The orc wizard points at you and mumbles some strange words.
The puff of flame hits you. You resist.
* * * LOW HITPOINT WARNING * * *
You swap places.
The orc priest hits your white imp with a +0 flail.
You see here a +0 flail.
The orc priest hits your white imp with a +0 flail.
Your white imp dies!
Your crimson imp hits the orc wizard.
Casting: Magic Dart (safe; 3% risk of failure)
Confirm with . or Enter, or press ? or * to list all spells.
Aiming: Magic Dart (safe; 3% risk of failure)
Press: ? - help, Shift-Dir - straight line, f - orc priest
Aim: an orc priest, wielding a +0 flail (almost dead, unaware, hasn't noticed you, 100% to hit)
The magic dart hits the orc priest but does no damage.
The orc priest is almost dead.
The orc priest shouts!
* * * LOW HITPOINT WARNING * * *
The orc priest mumbles some strange prayers to Beogh against you.
Pain shoots through your body!
* * * LOW HITPOINT WARNING * * *
The orc wizard misses your crimson imp.
Your crimson imp hits the orc wizard.
Your crimson imp closely misses the orc wizard.
Your crimson imp hits the orc wizard but does no damage.
Okay, then.
It was a potion of lignification.
You turn into a tree.
Your +0 helmet melds into your body.
Your +0 robe melds into your body.
Your roots penetrate the ground.
You are too injured to fight recklessly!
You hit the orc priest but do no damage.
The orc priest is almost dead.
The orc priest mumbles some strange prayers to Beogh against you.
Beogh smites you!
You die...

#..5.### ##.
#...#.o.##
#..####.<##
#... ##).#
....#
##)######..
...#
######5.......#
.##
#..o.oo....##(#
##.o######.....
##.♣# ##..
##.....# #
...##.... ###..
.. ###


You could see an orc priest and an orc wizard.

Vanquished Creatures
  2 dart slugs
  2 bats (D:1)
  3 giant cockroaches (D:1)
  2 hobgoblins
  2 jackals
  2 ball pythons (D:1)
  3 frilled lizards (D:1)
  2 rats
18 creatures vanquished.

Vanquished Creatures (collateral kills)
  An orc priest (D:2)
  3 gnolls (D:2)
  A dart slug (D:1)
  2 orcs (D:2)
  An endoplasm (D:1)
  A hobgoblin (D:1)
  3 jackals (D:1)
  A frilled lizard (D:1)
  A kobold (D:1)
  A rat (D:1)
15 creatures vanquished.

Grand Total: 33 creatures vanquished

Notes
Turn   | Place    | Note
-------+----------+-------------------------------------------
     0 | D:1      | HaiZhung the Djinni Hedge Wizard began the quest for the
                  | Orb.
     0 | D:1      | Reached XP level 1. HP: 15/15 MP: 0/0
   126 | D:1      | Found a faded altar of an unknown god.
   192 | D:1      | Reached XP level 2. HP: 17/21 MP: 0/0
   731 | D:1      | Reached skill level 3 in Spellcasting
  1339 | D:1      | Reached XP level 3. HP: 22/25 MP: 0/0
  1339 | D:1      | Learned a level 1 spell: Apportation
  2072 | D:2      | Reached XP level 4. HP: 21/31 MP: 0/0
  2100 | D:2      | HP: 1/31 [orc priest/nerve-wracking pain (8)]
  2106 | D:2      | Killed from afar by an orc priest

Illustrated notes

Levels and vault maps discovered:
D:1:      nicolae_arrival_memento_mori, layout_basic,
          hellmonk_ecumenical_altar_heavens_door
D:2:      layout_rooms, basic_altar, chequers_decorated_corner,
          minmay_curled_crystal

Skill      XL: |  1  2 |
---------------+-------+-----
Spellcasting   | 3 |  3.8
Dodging        | |  2.1
Stealth        | |  1.5

Action                   |  1- 3 |  4- 6 || total
-------------------------+-------+-------++-------
Melee: Dagger            |     8 |     9 ||    17
 Cast: Magic Dart        |    45 |     2 ||    47
       Call Imp          |    22 |     3 ||    25
       Conjure Flame     |     3 |       ||     3
       Apportation       |     1 |       ||     1
       Blink             |     1 |       ||     1
  Use: Scroll            |     2 |       ||     2
       Potion            |       |     1 ||     1
Armor: Robe              |     4 |       ||     4
Dodge: Dodged            |    14 |     4 ||    18
